 Dungeon Crawl Stone Soup version bcrawl-1.27.6 (webtiles) character file.

Game seed: 5145842502200881198

150366 Faustar the Skirmisher (level 5, -4/35 HPs)
             Began as a Gargoyle Fighter on Oct 13, 2020.
             Slain by an ogre
             ... wielding a +0 giant club
              (23 damage)
             ... on level 4 of the Dungeon.
             The game lasted 00:04:41 (2687 turns).

Faustar the Skirmisher (Gargoyle Fighter)           Turns: 2687, Time: 00:04:41

Health: -4/35      AC: 15    Str: 21    XL:     5   Next: 70%
Magic:  5/5        EV:  9    Int:  8    God:
Gold:   173        SH:  0    Dex:  9    Spells: 4/4 levels left

rFire    + . .     SeeInvis .   a - +0 flail
rCold    . . .     Gourm    .   (no shield)
rNeg     + . .     Faith    .   b - +0 scale mail
rPois    ∞         Spirit   .   s - +2 hat {MR+}
rElec    +         Reflect  .   t - +0 cloak
rCorr    .         Harm     .   h - +0 pair of gloves
MR       +....                  (no boots)
Stlth    ..........             (no amulet)
HPRegen  0.11/turn              q - ring of Puxzucs {rF+ Stlth--} (curse)
MPRegen  0.09/turn              (no ring)

@: no status effects
A: negative energy resistance 1, electricity resistance, unbreathing,
petrification resistance, rot immunity, AC +4
a: no special abilities


You were on level 4 of the Dungeon.
You were hungry.

You visited 1 branch of the dungeon, and saw 4 of its levels.

You collected 173 gold pieces.

Inventory:

Hand Weapons
 a - a +0 flail (weapon)
Armour
 b - a +0 scale mail (worn)
 c - a +0 medium shield
 h - a +0 pair of gloves (worn)
 p - a +0 helmet
 s - a +2 hat of magic resistance (worn)
 t - a +0 cloak (worn)
Jewellery
 q - the cursed ring of Puxzucs (left hand) {rF+ Stlth--}
   (You found it on level 3 of the Dungeon)

   [ring of attention]

   It protects you from fire.
   It makes you much less stealthy.
   It has a curse placed upon it.
Scrolls
 f - a scroll of noise
 g - 2 scrolls of identify
 i - a scroll of teleportation
 j - a scroll of magic mapping {unknown}
 l - a scroll of fear {unknown}
 o - a scroll of blinking {unknown}
Potions
 d - 2 potions of might
 k - 2 potions of mutation
 m - 2 potions of curing
 n - a potion of lignification
 r - 2 potions of degeneration
 u - a potion of berserk rage
Comestibles
 e - 5 rations {!d}


   Skills:
 + Level 5.3 Fighting
 + Level 4.2 Maces & Flails
 - Level 3.2 Armour
 - Level 3.2 Shields


You had 4 spell levels left.
You didn't know any spells.
Your spell library was empty.

Dungeon Overview and Level Annotations

Branches:
Dungeon (4/12)
 Temple: D:4-7

Altars:

Shops:
D:4 (


Innate Abilities, Weirdness & Mutations

You are resistant to torment.
Your stone body is resilient. (AC +4)
You are immune to poison.
You resist negative energy. (rN+)
You are resistant to electric shocks. (rElec)
You can survive without breathing.
You are immune to petrification.
You are immune to rotting.


Message History

No target in view!
There is a stone staircase leading up here.
You see here 75 poisoned needles.
You see here a falchion.
There is an entrance to Ahicity's Weapon Emporium here.
An ogre comes into view. It is wielding a +0 giant club.
You have encountered a dangerous foe!
The ogre shouts!
You aren't carrying any items that you can evoke.
Unknown command.
There is an entrance to Ahicity's Weapon Emporium here.
You barely miss the ogre. The ogre hits you but does no damage.
You hit the ogre.
The ogre is lightly wounded.
The ogre hits you with a +0 giant club!
You barely miss the ogre.
The ogre is lightly wounded.
The ogre hits you with a +0 giant club!!
Ouch! That really hurt!
You die...

#.######
#......#
#.####.#
#....#
#....#
#.####.#
#......#
#.######
#@#####
#O#...
##.#.#
##....# .
#..∩..##....
#........#
#.....####
#######


You could see an ogre.

Vanquished Creatures
  A crimson imp (D:4)
  An orc priest (D:3)
  An adder (D:3)
  3 oozes
  3 worms
  3 dart slugs (D:1)
  6 leopard geckos
  5 orcs (D:3)
  9 goblins
  2 hobgoblins
  9 jackals
  2 quokkas (D:3)
  10 bats
  7 frilled lizards
  11 kobolds
  7 rats
80 creatures vanquished.

Notes
Turn   | Place    | Note
-------+----------+-------------------------------------------
     0 | D:1      | Faustar the Gargoyle Fighter began the quest for the Orb.
     0 | D:1      | Reached XP level 1. HP: 14/14 MP: 1/1
    53 | D:1      | Reached XP level 2. HP: 14/19 MP: 2/2
   472 | D:1      | Reached XP level 3. HP: 24/24 MP: 3/3
   474 | D:1      | Reached skill level 4 in Fighting
  1391 | D:2      | Reached XP level 4. HP: 26/30 MP: 4/4
  2116 | D:3      | Got a fine lead ring
  2168 | D:3      | Identified the cursed ring of Puxzucs {rF+ Stlth--} (You
                  | found it on level 3 of the Dungeon)
  2346 | D:3      | Reached XP level 5. HP: 32/34 MP: 5/5
  2383 | D:3      | Reached skill level 5 in Fighting
  2669 | D:4      | Found Ahicity's Weapon Emporium.
  2677 | D:4      | Noticed an ogre
  2687 | D:4      | Slain by an ogre

Skill      XL: |  1  2  3  4  5 |
---------------+----------------+-----
Fighting       | 4 5 |  5.3
Maces & Flails | 3 4 |  4.2
Armour         | |  3.2
Shields        | |  3.2

Action                   |  1- 3 |  4- 6 || total
-------------------------+-------+-------++-------
Melee: Flail             |   126 |   140 ||   266
  Use: Scroll            |       |     8 ||     8
  Eat: Chunk             |     5 |     8 ||    13
Armor: Scale mail        |    85 |    98 ||   183
Dodge: Dodged            |    77 |    94 ||   171
